Match 45094137
Unlisted

Match 45094137
End
Royal Engineer Section
Selects Heavy Armor Battlegroup
Construct Section Command Post
Infantry Section
Dingo Light Scout Car
Infantry Section
Construct Platoon Command Post
Selects Rigorous Vehicle Training
Selects Forward Repair Assembly
Humber Armored Car
ML 3-inch Mortar Team
Selects Light Vehicle Withdraw and Refit
Selects UNKNOWN (202330)
6-pounder Anti-tank Gun Team
Light Vehicle Withdraw and Refit
Construct Company Command Post
Selects UNKNOWN (2162094)
Selects Designate Targets
Foot Guards Section
Designate Targets
Churchill IV Heavy Tank
Armored Vehicle Training
Designate Targets
Infantry Training
Designate Targets
Designate Targets
Unlock Bishop Self-propelled Artillery
Churchill IV Heavy Tank
Designate Targets
Designate Targets
Royal Engineer Section
Bishop Self-propelled Artillery
Designate Targets
Unlock Towed 17-pounder Anti-tank Guns
Designate Targets
17-pounder Anti-tank Gun Team
Designate Targets
VonManteuffel
Heartless Jäger
Dr. Jekyll
PutPut-AusarTheVile
0
0

Comments sign in to comment!

No comments posted yet!